 Dungeon Crawl Stone Soup version 0.25-a0-443-gece2dee8bd (webtiles) character file.

Game seed: 7990583297625750250, levelgen mode: deterministic

363 Emblim88 the Sneak (level 6, -7/28 HPs)
             Began as a Spriggan Enchanter on Jan 30, 2020.
             Mangled by a hornet (13 damage)
             ... while paralysed by a hornet
             ... on level 7 of the Dungeon.
             The game lasted 00:14:53 (5028 turns).

Emblim88 the Sneak (Spriggan Enchanter)             Turns: 5028, Time: 00:14:54

Health: -7/28      AC:  2    Str:  4    XL:     6   Next: 39%
Magic:  9/13       EV:  4    Int: 18    God:
Gold:   86         SH:  0    Dex: 17    Spells: 7/13 levels left

rFire    + . .     SeeInvis +   a - +1 dagger
rCold    . . .     Gourm    .   (shield restricted)
rNeg     . . .     Faith    .   j - +0 robe (curse)
rPois    .         Spirit   .   (helmet restricted)
rElec    .         Reflect  .   (no cloak)
rCorr    .         Harm     .   (gloves unavailable)
MR       +....                  (boots unavailable)
Stlth    ++++......             (no amulet)
HPRegen  0.09/turn              k - ring of protection from fire
MPRegen  0.13/turn              (no ring)

@: paralysed, lethally poisoned (-7 -> -16), slowed, very quick
A: very small, unfitting armour, see invisible, herbivore, speed 3, slow
metabolism 2
a: no special abilities


You were on level 7 of the Dungeon.
You were not hungry.

You visited 1 branch of the dungeon, and saw 5 of its levels.

You collected 86 gold pieces.

Inventory:

Hand Weapons
 a - a +1 dagger (weapon)
 e - a +0 dagger of electrocution
Missiles
 i - 76 stones
 m - 8 poisoned darts (quivered)
Armour
 j - a cursed +0 robe (worn)
Jewellery
 k - a ring of protection from fire (left hand)
Wands
 g - a wand of flame (28)
Scrolls
 b - 2 scrolls of magic mapping
 c - 4 scrolls of immolation {unknown}
 f - 4 scrolls of enchant armour
 l - a scroll of noise {unknown}
 o - a scroll of fog {unknown}
 p - a scroll of teleportation
Potions
 h - a potion of ambrosia
 n - a potion of lignification
Comestibles
 d - 4 rations


   Skills:
 + Level 3.0 Short Blades
 + Level 4.8 Dodging
 * Level 7.2 Stealth
 + Level 4.0 Spellcasting
 + Level 4.8 Hexes
 + Level 0.7 Ice Magic
 + Level 0.0 Evocations


You had 7 spell levels left.
You knew the following spells:

 Your Spells              Type           Power        Failure   Level  Hunger
a - Corona                Hex            ###....      1%          1    None
b - Ensorcelled Hibernat  Hex/Ice        ##....       7%          2    ##.....
c - Confusing Touch       Hex            ###.....     6%          3    ###....

Your spell library contained the following spells:

 Spells                   Type           Power        Failure   Level  Hunger
 Tukima's Dance           Hex            ###.....     6%          3    ###....
 Dazzling Flash           Conj/Hex       ##....       16%         3    ###....


Dungeon Overview and Level Annotations

Branches:
Dungeon (4/15)
 Temple: D:4-7

Altars:
Cheibriados
Sif Muna
Trog
Vehumet
Xom
Zin
The Shining One


Innate Abilities, Weirdness & Mutations

You are very small and have problems with some larger weapons.
You are too small for most types of armour.
You have supernaturally acute eyesight. (SInv)
You are a herbivore.
You cover ground extremely quickly.
You need to consume almost no food.


Message History

The hornet easily resists.
Casting: Ensorcelled Hibernation (safe; 7% risk of failure)
Confirm with . or Enter, or press ? or * to list all spells.
Aiming: Ensorcelled Hibernation (safe; 7% risk of failure)
Press: ? - help, Shift-Dir - straight line, f/p - hornet
Aim: a hornet (chance to defeat MR: 35%)
The hornet looks drowsy...
The hornet buzzes angrily.
The hornet barely misses you.
You miss the hornet. The hornet stings you.
You are poisoned.
You suddenly lose the ability to move!
The hornet stings you!
You feel yourself slow down.
You feel sick. The hornet stings you.
You feel as though you will be slow longer.
You feel sick. The hornet stings you.
* * * LOW HITPOINT WARNING * * *
You feel as though you will be slow longer.
The hornet stings you!
You die...

####
...#######################
##.............y@.........
#.###################.###
#.# #.# ... ... ##.# #.


You could see a hornet.

Vanquished Creatures
  A gnoll sergeant (D:3)
  An orc wizard (D:3)
  3 worker ants
  5 adders
  5 gnolls (D:3)
  2 oozes
  2 worms
  A dart slug (D:2)
  2 leopard geckos
  10 orcs (D:3)
  8 giant cockroaches
  4 goblins
  9 hobgoblins
  4 jackals (D:2)
  A quokka (D:3)
  A ball python (D:3)
  8 bats
  5 frilled lizards
  7 kobolds
  A quokka skeleton (D:4)
  8 rats
88 creatures vanquished.

Notes
Turn   | Place    | Note
-------+----------+-------------------------------------------
     0 | D:1      | Emblim88 the Spriggan Enchanter began the quest for the
                  | Orb.
     0 | D:1      | Reached XP level 1. HP: 9/9 MP: 5/5
   373 | D:1      | Reached XP level 2. HP: 13/13 MP: 6/6
   377 | D:1      | Learned a level 2 spell: Ensorcelled Hibernation
  1083 | D:1      | Reached skill level 5 in Stealth
  1293 | D:2      | Reached XP level 3. HP: 10/16 MP: 0/8
  1989 | D:2      | Reached XP level 4. HP: 21/21 MP: 2/10
  2516 | D:2      | Found a glowing golden altar of the Shining One.
  2581 | D:2      | Found a shimmering blue altar of Sif Muna.
  2622 | D:2      | Found a shimmering blue altar of Sif Muna.
  2624 | D:2      | Found a snail-covered altar of Cheibriados.
  2624 | D:2      | Found a stormy altar of Qazlal.
  2626 | D:2      | Found a white marble altar of Elyvilon.
  2626 | D:2      | Found a shimmering altar of Xom.
  2626 | D:2      | Found a radiant altar of Vehumet.
  2874 | D:3      | Reached skill level 6 in Stealth
  2936 | D:3      | Found a bloodstained altar of Trog.
  3030 | D:3      | Learned a level 3 spell: Confusing Touch
  3185 | D:3      | Reached XP level 5. HP: 22/24 MP: 5/11
  4280 | D:3      | Reached XP level 6. HP: 28/28 MP: 6/12
  4353 | D:3      | Reached skill level 7 in Stealth
  4850 | D:4      | Found a glowing silver altar of Zin.
  4931 | D:4      | You fall into a shaft and drop 3 floors!
  4996 | D:7      | Noticed a hornet
  5026 | D:7      | Paralysed by a hornet for 3 turns
  5028 | D:7      | Mangled by a hornet

Levels and vault maps discovered:
D:1:      minmay_arrival_nine_rooms, layout_loops_ring, grunt_decor_fettered
D:2:      layout_basic, doesnt_xom_only_xom, tso_altar, lemuel_doored_altar,
          serial_glass, glass_columns_a, glass_columns_c, feat_on_display,
          due_unseen_surprise, feat_on_display, item_on_display_a
D:3:      layout_loops_corners, trog_book
D:4:      layout_rooms, zin_statuary, minmay_temple_entry_statues_pillars
D:7:      layout_basic, uniq_pikel

Skill      XL: |  1  2  3  4  5  6 |
---------------+-------------------+-----
Spellcasting   | 3 4 |  4.0
Stealth        | 5 6 7 |  7.2
Short Blades   | 2 3 |  3.0
Hexes          | 4 |  4.8
Dodging        | 4 |  4.8
Ice Magic      | |  0.7

Action                   |  1- 3 |  4- 6 || total
-------------------------+-------+-------++-------
Melee: Dagger            |    92 |    83 ||   175
Throw: Stone             |     2 |     1 ||     3
       Dart              |       |    31 ||    31
 Cast: Corona            |     4 |       ||     4
       Ensorcelled Hiber |    24 |    75 ||    99
  Use: Scroll            |       |     5 ||     5
 Stab: Sleeping          |    23 |    46 ||    69
       Distracted        |       |     1 ||     1
  Eat: Ration            |       |     3 ||     3
Armor: Robe              |    14 |     6 ||    20
Dodge: Dodged            |    69 |    60 ||   129

Table legend:
 A = Non-vault XP
 B = Vault XP
 C = Vault XP percentage of total XP
 D = Non-vault monster count
 E = Vault monster count
 F = Vault count percentage of total count
                 A         B        C        D         E       F
            +---------+---------+-------+---------+---------+-------
      Total |     519 |       0 |   0.0 |      88 |       0 |   0.0
            +---------+---------+-------+---------+---------+-------
        D:1 |      32 |       0 |   0.0 |      21 |       0 |   0.0
        D:2 |     134 |       0 |   0.0 |      28 |       0 |   0.0
        D:3 |     309 |       0 |   0.0 |      35 |       0 |   0.0
        D:4 |      44 |       0 |   0.0 |       4 |       0 |   0.0
            +---------+---------+-------+---------+---------+-------
